 Dungeon Crawl Stone Soup version 0.28-a0-422-gd71735cc25 (webtiles) character file.

Game seed: 9488561251610311244

11858 gruber the Scorcher (level 11, -2/89 HPs)
             Began as a Hill Orc Fire Elementalist on Sept 8, 2021.
             Was an Initiate of Vehumet.
             Slain by Snorg (16 damage)
             ... on level 11 of the Dungeon.
             The game lasted 00:29:06 (18905 turns).

gruber the Scorcher (Hill Orc Fire Elementalist)   Turns: 18905, Time: 00:29:07

Health: -2/89      AC:  6    Str: 12    XL:     11   Next: 84%
Magic:  0/15       EV: 12    Int: 18    God:    Vehumet [......]
Gold:   656        SH:  0    Dex: 11    Spells: 9/16 levels left

rFire   + + .      SeeInvis .   L - +10 hunting sling "Xatzash" {flame, Drain rF+ rN++}
rCold   . . .      Faith    .   (no shield)
rNeg    + + .      Spirit   +   I - +0 steam dragon scales
rPois   .          Reflect  .   k - +0 helmet
rElec   .          Harm     .   (no cloak)
rCorr   .          Rampage  .   (no gloves)
Will    .....                   (no boots)
Stlth   ++........              i - amulet of guardian spirit
HPRegen 0.24/turn               j - ring of wizardry
MPRegen 0.14/turn               u - ring of protection from fire

@: no status effects
A: no striking features
a: Renounce Religion


You were on level 11 of the Dungeon.
You worshipped Vehumet.
Vehumet was noncommittal.
You visited 2 branches of the dungeon, and saw 12 of its levels.

You collected 656 gold pieces.

Inventory:

Hand Weapons
 d - the +4 hand axe of the Median {vamp, Stlth+}
   (You found it on level 10 of the Dungeon)

   It occasionally heals its wielder for a portion of the damage dealt when it
   wounds a living foe.
   Stlth:     It makes you more stealthy.
 t - a +6 dagger
 L - the +10 hunting sling "Xatzash" (weapon) {flame, Drain rF+ rN++}
   (You found it on level 5 of the Dungeon)

   Any ammunition fired from it burns those it strikes, dealing additional fire
   damage.
   rF:        It protects you from fire.
   rN:        It greatly protects you from negative energy.
   Drain:     It drains your maximum health when unequipped.
 Q - a +4 trident of protection
Missiles
 x - 7 javelins
 C - 6 throwing nets
 N - 410 stones (quivered ammo)
 O - 69 sling bullets
Armour
 k - a +0 helmet (worn)
 I - +0 steam dragon scales (worn)
Magical Staves
 c - a staff of fire
Jewellery
 e - an amulet of faith
 i - an amulet of guardian spirit (around neck)
 j - a ring of wizardry (left hand)
 n - an amulet of reflection
 u - a ring of protection from fire (right hand)
Wands
 a - a wand of iceblast (4)
 y - a wand of flame (10)
 F - a wand of polymorph (5)
Scrolls
 f - a scroll of enchant armour {unknown}
 l - 9 scrolls of identify {unknown}
 m - a scroll of vulnerability {unknown}
 o - 4 scrolls of amnesia {unknown}
 p - 3 scrolls of noise {unknown}
 A - a scroll of torment {unknown}
 B - 3 scrolls of blinking {unknown}
 E - 6 scrolls of teleportation {unknown}
 K - a scroll of holy word {unknown}
 P - 3 scrolls of magic mapping {unknown}
Potions
 b - 3 potions of heal wounds {unknown}
 g - 2 potions of curing {unknown}
 h - 2 potions of might {unknown}
 q - 5 potions of brilliance {unknown}
 r - 2 potions of mutation {unknown}
 v - a potion of flight {unknown}
 w - 2 potions of attraction {unknown}
 z - a potion of berserk rage {unknown}
 D - 3 potions of lignification {unknown}
 G - a potion of ambrosia {unknown}
 H - 2 potions of invisibility {unknown}
 J - 3 potions of degeneration {unknown}


   Skills:
 - Level 6.3 Fighting
 + Level 6.6 Slings
 - Level 1.5 Dodging
 - Level 1.5 Stealth
 - Level 3.2 Spellcasting
 - Level 3.0 Conjurations
 - Level 16.1 Fire Magic


You had 9 spell levels left.
You knew the following spells:

 Your Spells              Type           Power      Damage    Failure   Level
a - Foxfire               Conj/Fire      100%       2x1d9     1%          1
b - Scorch                Fire           100%       2d10      1%          2
c - Flame Wave            Conj/Fire      37%        3d8       1%          4

Your spell library contained the following spells:

 Spells                   Type           Power      Damage    Failure   Level
 Magic Dart               Conj           52%        1d5       1%          1
 Conjure Flame            Conj/Fire      37%        6-21      1%          3
 Inner Flame              Hex/Fire       31%        N/A       1%          3
 Searing Ray              Conj           26%        2d5       2%          2
 Static Discharge         Conj/Air       8%         N/A       5%          2
 Sting                    Tmut/Pois      8%         1d3       6%          1
 Corpse Rot               Necr/Air       N/A        N/A       10%         2
 Passwall                 Tmut/Erth      1%         N/A       10%         2
 Poisonous Vapours        Pois/Air       4%         N/A       10%         2
 Slow                     Hex            2%         N/A       10%         2
 Confusing Touch          Hex            2%         N/A       19%         3
 Gell's Gravitas          Tloc           1%         N/A       19%         3
 Lesser Beckoning         Tloc           2%         N/A       19%         3
 Swiftness                Air            2%         N/A       19%         3
 Teleport Other           Tloc           2%         N/A       19%         3
 Vampiric Draining        Necr           1%         2d6       19%         3
 Fulminant Prism          Conj/Hex       4%         3d6       32%         4
 Olgreb's Toxic Radiance  Pois           2%         N/A       52%         4
 Petrify                  Tmut/Erth      2%         N/A       52%         4
 Lightning Bolt           Conj/Air       4%         1d15      65%         5
 Metabolic Englaciation   Hex/Ice        1%         N/A       85%         5
 Yara's Violent Unravell  Hex/Tmut       1%         3d3       85%         5
 Invisibility             Hex            1%         N/A       100%        6
 Statue Form              Tmut/Erth      1%         N/A       100%        6
 Maxwell's Capacitive Co  Air            1%         ∞         100%        8


Dungeon Overview and Level Annotations

Branches:
Dungeon (11/15)            Temple (1/1) D:6            Lair (0/6) D:8
    Orc (0/2) D:9

Altars:
Ashenzari
Cheibriados
Dithmenos
Elyvilon
Fedhas
Gozag
Hepliaklqana
Kikubaaqudgha
Makhleb
Nemelex Xobeh
Okawaru
Qazlal
Ru
Sif Muna
Trog
Uskayaw
Vehumet
Wu Jian
Xom
Yredelemnul
Zin
The Shining One

Shops:
D:4 [   D:6 *   D:7 ?   D:10 [

Annotations:
D:11 Snorg


Message History

Casting: Flame Wave (mildly dangerous; 1% risk of failure)
Press: ? - help, Dir - look around, f - activate A wave of flame ripples out!
The flame wave engulfs Snorg!!
Snorg is burned terribly!
Snorg is heavily wounded. (Press . to intensify the flame waves.) Snorg bites you.
Snorg claws you. Snorg claws you!
Unknown command.
Unknown command.
A wave of flame ripples out!
The flame wave engulfs Snorg!!
Snorg is burned terribly!
Snorg is severely wounded.
Snorg goes berserk!
Unknown command.
Unknown command.
Unknown command.
A wave of flame ripples out!
The flame wave engulfs Snorg!
Snorg is burned terribly!
Snorg is severely wounded.
You finish channelling waves of flame.
Snorg closely misses you. Snorg claws you. Snorg claws you!!
Unknown command.
Unknown command.
Unknown command.
Unknown command.
Casting: Flame Wave (mildly dangerous; 1% risk of failure)
Confirm with . or Enter, or press ? or * to list all spells.
You don't have enough magic to cast this spell.
Unknown command.
Unknown command.
Aiming: Iceblast
Press: ? - help, Shift-Dir - straight line The mass of ice explodes!
The iceblast engulfs Snorg!
Snorg is almost dead.
Snorg bites you! Snorg claws you. x2; Snorg bites you!!
* * * LOW HITPOINT WARNING * * *
Snorg claws you.
* * * LOW HITPOINT WARNING * * *
Snorg claws you!
You die...

#####........)# ###......
........>.....###........
........................#
............########....#
............#..[...'....#
#######.....#......#....#
#.....#......#....#
#.....########....#
#.@T..............#
########..#(######.......#
..........#... #.......#
###.......#..... #.......#
#.......# .....#.......#
#.......# ....#.#####.#
#.......# .#.# #.#
#.......# #.# #.#
#.#####.# #.# #.#


You could see Snorg (berserk, inflammable).

Vanquished Creatures
  A centaur warrior (D:8)
  4 two-headed ogres
  3 centaur zombies
  A gargoyle (D:10)
  A komodo dragon (D:8)
  A hornet (D:10)
  3 trolls
  2 meliai zombies
  2 wraiths
  4 yaks (D:10)
  A wyvern (D:9)
  A steam dragon (D:7)
  2 water moccasins (D:8)
  A black bear (D:7)
  4 orc warriors
  4 sky beasts
  A necrophage (D:4)
  6 ogres
  5 centaurs
  5 bullfrogs
  A kobold brigand (D:11)
  7 gnoll sergeants
  2 scorpions
  A wyvern skeleton (D:6)
  2 water moccasin zombies
  2 water moccasin skeletons
  6 wights
  A howler monkey (D:10)
  4 bullfrog zombies
  A bullfrog skeleton (D:5)
  3 centaur skeletons
  4 gnoll shamans
  9 hounds
  3 jellies
  3 orc priests
  3 iguanas
  3 orc wizards
  A hound skeleton (D:5)
  2 howler monkey skeletons (D:6)
  A howler monkey zombie (D:9)
  36 gnolls
  6 adders
  A shadow imp (D:8)
  2 white imps
  An ufetubus (D:5)
  An adder skeleton (D:4)
  2 dart slugs
  28 orcs
  2 bats
  5 endoplasms
  6 giant cockroaches
  5 hobgoblins
  7 jackals
  14 kobolds
  2 quokkas (D:4)
  6 ball pythons
  2 frilled lizards
  11 goblins
  4 rats
252 creatures vanquished.

Vanquished Creatures (collateral kills)
  A foxfire (D:1)
1 creature vanquished.

Vanquished Creatures (others)
  793 foxfires
  36 plants (D:8)
829 creatures vanquished.

Grand Total: 1082 creatures vanquished

Notes
Turn   | Place    | Note
-------+----------+-------------------------------------------
     0 | D:1      | gruber the Hill Orc Fire Elementalist began the quest for
                  | the Orb.
     0 | D:1      | Reached XP level 1. HP: 14/14 MP: 3/3
   140 | D:1      | Found a faded altar of an unknown god.
   436 | D:1      | Reached XP level 2. HP: 20/20 MP: 1/4
   725 | D:1      | Reached skill level 4 in Fire Magic
  1622 | D:2      | Reached XP level 3. HP: 26/26 MP: 5/5
  1862 | D:2      | Learned a level 2 spell: Scorch
  2770 | D:3      | Reached XP level 4. HP: 33/33 MP: 2/6
  2908 | D:3      | Reached skill level 5 in Fire Magic
  3325 | D:3      | Reached XP level 5. HP: 33/38 MP: 1/7
  3574 | D:4      | Found Naedea's Armour Emporium.
  3759 | D:4      | Noticed an ogre
  3769 | D:4      | Killed an ogre
  3770 | D:4      | Reached skill level 6 in Fire Magic
  4040 | D:4      | Reached XP level 6. HP: 45/45 MP: 4/9
  4085 | D:4      | Noticed a necrophage
  4092 | D:4      | Killed a necrophage
  4701 | D:4      | Reached XP level 7. HP: 56/56 MP: 5/11
  4765 | D:5      | Entered Level 5 of the Dungeon
  5047 | D:5      | Reached skill level 5 in Fighting
  5439 | D:5      | Reached XP level 8. HP: 70/70 MP: 5/12
  5706 | D:5      | Reached skill level 7 in Fire Magic
  6189 | D:6      | Found Muna Xyr's General Store.
  6214 | D:6      | Found a staircase to the Ecumenical Temple.
  6219 | D:6      | Reached skill level 8 in Fire Magic
  6835 | D:5      | Reached skill level 9 in Fire Magic
  7279 | Temple   | Entered the Ecumenical Temple
  7686 | D:6      | Found an opulent altar of Gozag.
  7702 | D:6      | Reached XP level 9. HP: 45/75 MP: 8/13
  7876 | D:6      | Reached skill level 10 in Fire Magic
  7983 | D:6      | Found a glowing golden altar of the Shining One.
  8537 | D:7      | Found Xogeez's Magic Scroll Shoppe.
  8560 | D:7      | Reached skill level 11 in Fire Magic
  8677 | D:7      | Noticed a troll
  8856 | D:7      | Killed a troll
  8857 | D:7      | Reached skill level 12 in Fire Magic
  9760 | D:7      | Noticed a troll
  9769 | D:7      | Killed a troll
  9770 | D:7      | Reached XP level 10. HP: 83/83 MP: 8/14
  9960 | D:8      | Noticed a two-headed ogre
 10094 | D:8      | Noticed a two-headed ogre
 10228 | D:8      | Found an ornate altar of the Wu Jian Council.
 10228 | D:8      | Found a blossoming altar of Fedhas.
 10278 | D:8      | Reached skill level 13 in Fire Magic
 10666 | D:8      | Found a glowing silver altar of Zin.
 10735 | D:8      | Found an iron altar of Okawaru.
 11263 | D:8      | Found a staircase to the Lair.
 11435 | D:8      | Killed a two-headed ogre
 11435 | D:8      | Noticed a skeletal warrior
 11436 | D:8      | Reached skill level 14 in Fire Magic
 12203 | D:8      | Killed a two-headed ogre
 12520 | D:8      | Noticed a centaur warrior
 12800 | D:8      | Killed a centaur warrior
 12801 | D:8      | Reached skill level 15 in Fire Magic
 12801 | D:8      | Reached XP level 11. HP: 15/89 MP: 0/15
 13655 | D:9      | Identified the +2 mace of the Inferno {elec, MP-9 Str+4}
 13737 | D:9      | Noticed a two-headed ogre
 13850 | D:5      | Identified the +10 hunting sling "Xatzash" {flame, Drain
                  | rF+ rN++}
 14534 | D:9      | Killed a two-headed ogre
 14652 | D:9      | Reached skill level 16 in Fire Magic
 15473 | D:9      | Found a staircase to the Orcish Mines.
 15664 | D:9      | Reached skill level 1 in Slings
 16299 | D:8      | Learned a level 4 spell: Flame Wave
 16957 | D:10     | Entered Level 10 of the Dungeon
 17196 | D:10     | Identified the +4 hand axe of the Median {vamp, Stlth+}
 17261 | D:10     | Found Joavisul's Armour Shoppe.
 17266 | D:10     | Noticed a two-headed ogre
 17272 | D:10     | Killed a two-headed ogre
 17432 | D:10     | Reached skill level 5 in Slings
 18134 | D:10     | Found a radiant altar of Vehumet.
 18319 | D:10     | Found a shimmering altar of Xom.
 18390 | D:10     | Became a worshipper of Vehumet
 18899 | D:11     | Noticed Snorg
 18905 | D:11     | Slain by Snorg

Illustrated notes

Levels and vault maps discovered:
D:1:      denvon_arrival_hothouse, layout_loops_ring, basic_ecumenical_altar,
          roderic_lattice_a, serial_bayou_lagoon_a
D:2:      layout_loops_ring, serial_aquarium, aquarium_bridge_square
          [aquarium_subvault_window, aquarium_subvault_bridge,
          aquarium_subvault_bridge, aquarium_subvault_balcony],
          aquarium_window_fake, aquarium_window_1, aquarium_window_1,
          aquarium_view_2d, aquarium_view_2f, st_stairs_3
D:3:      layout_loops_corners
D:4:      layout_basic, serial_shops, nicolae_square_shop
D:5:      layout_basic
D:6:      layout_loops_ring, minmay_temple_entry_steel_oval, serial_shops, shop,
          hangedman_feature_mirror
D:7:      hangedman_cross_stitches, layout_cave_pools, serial_shops,
          nicolae_shop_statue_plus
D:8:      minmay_cornered_nines, layout_basic, mainiacjoe_overflow_tiny_flanked,
          minitemple, david_lair_shrubbed
D:9:      layout_cave_pools, erik_orc_3, serial_gnoll_camp,
          gnoll_camp_medium_02, gnoll_camp_mini_basic, gnoll_camp_mini_basic,
          gnoll_camp_medium_01, chequers_serial_rivers_marsh
D:10:     layout_basic, mainiacjoe_overflow_concentric_impassable,
          old_standard_altar, serial_shops, shop
D:11:     layout_irregular_city, serial_column_ruins, column_ruins_open_medium,
          column_ruins_open_small, column_ruins_open_tiny,
          column_ruins_columns_corner, uniq_snorg, uniq_psyche
Temple:   regret_index_temple_sphere_string

Skill      XL: |  1  2  3  4  5  6  7  8  9 10 11 |
---------------+----------------------------------+-----
Fire Magic     | 4 5 6 9 12 15 16 | 16.1
Conjurations   | 2 3 |  3.0
Spellcasting   | 2 3 |  3.2
Fighting       | 2 6 |  6.3
Slings         | 6 |  6.6
Dodging        | |  1.5
Stealth        | |  1.5

Action                   |  1- 3 |  4- 6 |  7- 9 | 10-12 || total
-------------------------+-------+-------+-------+-------++-------
Melee: Short sword       |    38 |    38 |       |       ||    76
       Unarmed           |     1 |       |       |       ||     1
       Dagger            |       |    25 |   100 |    17 ||   142
 Fire: Hunting sling     |       |       |       |   220 ||   220
 Cast: Foxfire           |    43 |    69 |   171 |   190 ||   473
       Scorch            |     2 |     1 |    57 |    45 ||   105
       Flame Wave        |       |       |       |     5 ||     5
Evoke: Wand              |       |       |     6 |     4 ||    10
 Stab: Sleeping          |     3 |       |     1 |       ||     4
Armor: Robe              |     8 |    22 |    48 |       ||    78
       Steam dragon scal |       |       |       |    89 ||    89
Dodge: Dodged            |    30 |    45 |   119 |   125 ||   319

Table legend: (Time is in decaauts)
 A = Elapsed time spent in this place.
 B = Non-inter-level travel time spent in this place.
 C = Inter-level travel time spent in this place.
 D = Time resting spent in this place.
 E = Time spent auto-exploring this place.
 F = Levels seen in this place.
 G = Mean time per level.
                   A        B        C        D        E       F      G
               +--------+--------+--------+--------+--------+-----+--------+
         Total |  18975 |  17594 |   1381 |   1865 |  13121 |  12 | 1581.2 |
       Dungeon |  18808 |  17436 |   1372 |   1865 |  12975 |  11 | 1709.8 |
        Temple |    166 |    158 |      8 |      0 |    146 |   1 |  166.0 |
               +--------+--------+--------+--------+--------+-----+--------+

Top non-repeatable levels by time:
     D:8: 3430 daAuts
     D:9: 2715 daAuts
     D:6: 2150 daAuts
     D:7: 2061 daAuts
     D:5: 1894 daAuts
     D:3: 1435 daAuts
     D:1: 1293 daAuts
     D:4: 1255 daAuts
     D:2: 1115 daAuts
    D:10: 1038 daAuts
    D:11: 417 daAuts
  Temple: 166 daAuts
